Map: Crête de Lerilak

Players

Wolf

  • Race: Protoss Protoss
  • League: Gold

Sydalw

  • Race: Protoss Protoss
  • League: Platinum

blocoxine

  • Race: Zerg Zerg
  • League: Gold

FredisDrunk

  • Race: Zerg Zerg
  • League: Platinum

VOD

Have the link to the VOD?

Description

Time

  • Played on: April 8, 2016, 5:08 p.m.
  • Length: 11:05
Show
View Real Time Build Order
Export as new Build Order

Wolf Protoss 

Build Orders: Nexus First 

Get SALT Encoding   

  12  0:01  Probe (Chrono Boost)  
  13  0:11  Probe (Chrono Boost)  
  14  0:19  Pylon  
  14  0:22  Probe (Chrono Boost)  
  15  0:37  Probe (Chrono Boost)  
  16  0:48  Probe (Chrono Boost)  
  17  1:03  Nexus  
  17  1:14  Gateway  
  17  1:17  Probe (Chrono Boost)  
  18  1:27  Assimilator, Probe (Chrono Boost)  
  19  1:34  Assimilator  
  19  1:42  Gateway  
  19  1:46  Probe (Chrono Boost)  
  20  1:57  Probe (Chrono Boost)  
  21  2:05  Cybernetics Core  
  21  2:07  Probe (Chrono Boost)  
  22  2:15  Pylon  
  22  2:16  Probe (Chrono Boost)  
  23  2:23  Probe (Chrono Boost)  
  23  2:28  Zealot  
  26  2:31  Probe (Chrono Boost)  
  26  2:35  Probe (Chrono Boost)  
  28  2:42  Adept  
  30  2:45  Warp Gate  
  30  2:50  Mothership Core (Chrono Boost)  
  32  2:58  Pylon  
  32  3:02  Adept  
  32  3:03  Probe (Chrono Boost)  
  35  3:08  Probe (Chrono Boost)  
  36  3:24  Stargate  
  36  3:34  Stargate  
  36  3:37  Probe x2 (Chrono Boost)  
  38  3:44  Assimilator  
  38  3:48  Gateway, Assimilator  
  38  3:51  Gateway  
  38  3:52  Probe (Chrono Boost)  
  39  4:00  Probe (Chrono Boost)  
  40  4:03  Probe (Chrono Boost)  
  41  4:11  Oracle, Probe (Chrono Boost)  
  45  4:19  Probe (Chrono Boost)  
  45  4:21  Oracle  
  45  4:22  Probe (Chrono Boost)  
  50  4:30  Probe (Chrono Boost)  
  51  4:32  Probe (Chrono Boost)  
  51  4:37  Pylon  
  52  4:40  Probe (Chrono Boost), Pylon  
  52  4:43  Probe (Chrono Boost)  
  52  4:51  Probe (Chrono Boost)  
  53  4:53  Probe (Chrono Boost)  
  53  4:55  Adept  
  53  4:56  Adept x2  
  53  4:58  Sentry  
  62  5:01  Probe (Chrono Boost)  
  62  5:06  Forge  
  63  5:14  Void Ray  
  65  5:22  Void Ray  
  69  5:41  Nexus  
  69  5:43  Pylon  
  66  5:50  Photon Cannon  
  66  5:56  Pylon  
  66  5:59  Void Ray  
  70  6:09  Probe x2 (Chrono Boost)  
  72  6:20  Probe x2 (Chrono Boost)  
  72  6:21  Robotics Facility  
  72  6:22  Pylon  
  72  6:24  Protoss Ground Weapons Level 1  
  74  6:30  Probe (Chrono Boost)  
  74  6:32  Stalker x2  
  77  6:33  Stalker  
  77  6:35  Stalker  
  83  6:40  Probe (Chrono Boost)  
  83  6:41  Probe (Chrono Boost)  
  85  6:47  Pylon  
  85  6:56  Probe x3 (Chrono Boost)  
  88  7:02  Void Ray  
  88  7:06  Probe x2 (Chrono Boost)  
  88  7:07  Pylon, Probe (Chrono Boost)  
  95  7:11  Twilight Council  
  95  7:14  Observer  
  96  7:22  Void Ray  
  100  7:29  Assimilator  
  100  7:31  Probe x2 (Chrono Boost)  
  100  7:32  Probe (Chrono Boost)  
  100  7:36  Assimilator  
  103  7:40  Stalker x2  
  103  7:41  Probe (Chrono Boost)  
  103  7:42  Probe x2 (Chrono Boost)  
  103  7:43  Pylon  
  107  7:44  Immortal  
  111  7:51  Templar Archives  
  111  8:03  Void Ray  
  111  8:05  Stalker  
  111  8:06  Stalker x3  
  123  8:17  Void Ray  
  127  8:23  Immortal  
  127  8:27  Pylon  
  127  8:30  Pylon  
  127  8:32  Stalker  
  133  8:43  Pylon  
  133  8:44  Psionic Storm  
  133  8:48  Zealot x3, Pylon  
  135  8:52  Charge, Void Ray  
  143  9:14  Nexus  
  143  9:16  Pylon  
  143  9:17  High Templar x2  
  145  9:21  Immortal, Archon  
  127  9:39  Forge  
  127  9:40  Photon Cannon  
  127  9:42  Photon Cannon  
  109  9:45  Assimilator  
  109  9:48  Probe (Chrono Boost)  
  109  9:50  Assimilator, Probe x2 (Chrono Boost)  
  109  9:51  Sentry x2  
  104  9:59  Phoenix  
  104  10:02  Phoenix  
  104  10:05  Stalker x2  
  88  10:15  Stalker  
  88  10:16  Stalker  
  88  10:21  Void Ray  
  84  10:24  Probe x2 (Chrono Boost)  
  94  10:41  Stalker x2  
  94  10:42  Stalker  
  94  10:47  Stalker  
  84  10:54  Probe (Chrono Boost)  
Show
View Real Time Build Order
Export as new Build Order

Sydalw Protoss 

Build Orders:  

Get SALT Encoding   

  12  0:01  Drone  
  13  0:08  Drone  
  14  0:16  Overlord  
  14  0:30  Extractor, Drone  
  14  0:35  Drone x2  
  17  0:46  Drone  
  18  1:00  Hatchery  
  17  1:05  Drone  
  17  1:08  Drone  
  17  1:09  Extractor  
  18  1:25  Drone  
  19  1:30  Spawning Pool  
  18  1:37  Drone  
  19  1:45  Overlord  
  19  1:53  Drone  
  20  2:04  Overlord  
  20  2:16  Queen  
  20  2:17  Queen  
  20  2:19  Metabolic Boost  
  24  2:25  Drone x2  
  24  2:26  Drone  
  24  2:29  Drone  
  28  2:33  Drone  
  28  2:36  Drone  
  30  2:43  Drone  
  31  2:51  Roach Warren  
  30  2:53  Drone  
  31  3:02  Drone  
  31  3:05  Drone x2  
  34  3:11  Drone  
  35  3:16  Extractor, Evolution Chamber  
  35  3:17  Drone x2  
  35  3:23  Lair  
  35  3:27  Drone x3  
  35  3:32  Overlord  
  37  3:46  Roach  
  37  3:47  Roach x2  
  43  3:50  Overlord, Drone  
  44  4:03  Roach  
  44  4:05  Drone  
  44  4:08  Hatchery  
  46  4:13  Zerg Ground Armor Level 1  
  48  4:17  Roach  
  48  4:18  Roach  
  48  4:19  Drone x2  
  52  4:32  Glial Reconstitution  
  52  4:38  Queen x2  
  51  4:44  Drone x4  
  59  4:46  Extractor  
  59  4:47  Roach  
  60  5:04  Overlord x3  
  60  5:20  Spore Crawler  
  59  5:26  Spore Crawler  
  57  5:30  Drone x4  
  53  5:48  Hydralisk Den  
  53  5:49  Ravager x3  
  52  5:50  Drone x3  
  52  5:51  Drone x2  
  52  5:53  Drone  
  52  5:54  Drone x2  
  52  5:55  Drone x2  
  52  5:56  Drone  
  63  5:57  Queen  
  65  6:13  Roach x5  
  75  6:25  Drone  
  76  6:29  Muscular Augments  
  76  6:35  Extractor  
  76  6:36  Drone  
  76  6:37  Extractor  
  74  6:40  Hydralisk x2  
  74  6:46  Extractor, Hydralisk  
  79  6:47  Drone  
  79  6:48  Drone x4  
  84  7:00  Hydralisk x2  
  88  7:02  Overlord  
  88  7:11  Hydralisk  
  88  7:13  Overlord x3  
  89  7:26  Spore Crawler  
  89  7:27  Drone  
  89  7:31  Overseer  
  89  7:38  Hydralisk  
  89  7:39  Hydralisk x2  
  89  7:40  Spire  
  94  7:46  Drone  
  94  7:47  Drone  
  94  7:49  Drone  
  94  7:50  Drone x3  
  94  7:51  Drone  
  101  7:56  Zerg Missile Weapons Level 1  
  101  8:01  Overseer  
  101  8:02  Pneumatized Carapace  
  101  8:04  Hydralisk  
  103  8:06  Drone x2  
  105  8:13  Lurker Den  
  105  8:19  Hydralisk  
  107  8:20  Drone x2  
  107  8:21  Drone  
  107  8:24  Hydralisk  
  112  8:32  Hydralisk  
  112  8:33  Hydralisk  
  116  8:34  Hydralisk  
  116  8:37  Overlord  
  118  8:42  Overlord  
  118  8:57  Roach x2  
  118  8:59  Overlord x2  
  118  9:01  Mutalisk  
  118  9:02  Mutalisk x3  
  130  9:18  Mutalisk  
  130  9:19  Mutalisk  
  130  9:20  Roach  
  130  9:21  Roach x4  
  130  9:22  Roach  
  146  9:33  Overlord x3  
  132  9:41  Mutalisk x3  
  120  9:46  Roach x2  
  122  9:56  Roach x3  
  120  10:11  Roach x3  
  120  10:12  Roach x3  
  120  10:18  Overseer x2  
  120  10:20  Roach x3  
  124  10:31  Evolution Chamber  
  123  10:37  Ravager  
  123  10:40  Roach x5  
  123  10:41  Roach  
  130  10:44  Overseer  
  135  11:01  Ravager  
  135  11:03  Ravager  
Show
View Real Time Build Order
Export as new Build Order

blocoxine Zerg 

Build Orders:  

Get SALT Encoding   

Show
View Real Time Build Order
Export as new Build Order

FredisDrunk Zerg 

Build Orders:  

Get SALT Encoding   

Tags
 
Add a new tag
Caveats
  • Supply blocks, unpowered buildings, or Contaminate may cause inaccurate times.
  • Supply counts are checked every 10 seconds.